 Dungeon Crawl Stone Soup version 0.19.0-19-g8c6edcc (webtiles) character file.

28541 theRoog the Severer (level 13, -2/119 HPs)
             Began as a Minotaur Berserker on Nov 15, 2016.
             Was the Champion of Trog.
             Slain by a soul eater (14 damage)
             ... summoned by a deep elf mage
             ... on level 1 of the Elven Halls.
             The game lasted 00:32:09 (10066 turns).

theRoog the Severer (Minotaur Berserker)           Turns: 10066, Time: 00:32:10

Health: -2/119     AC: 25    Str: 33    XL:     13   Next: 10%
Magic:  4/4        EV: 11    Int:  4    God:    Trog [******]
Gold:   1012       SH:  0    Dex: 10    Spells: 0 memorised, 12 levels left

rFire  . . .     SeeInvis .     F - +12 broad axe of Embarrassment {antimagic, Fragile Str+6}
rCold  . . .     Gourm    .     n - +1 plate armour
rNeg   . . .     Faith    .     (no shield)
rPois  +         Spirit   .     T - +1 hat
rElec  .         Reflect  .     u - +0 cloak {rPois}
rCorr  .         Harm     .     (no gloves)
MR     .....     Rnd*Rage +     (no boots)
Stlth  ..........               B - amulet of regeneration
                                h - +4 ring of protection
                                d - ring of poison resistance

@: exhausted, slowed, very slow
A: retaliatory headbutt, horns 2, thin metallic scales 1, yellow scales 1,
berserk 1
a: Berserk, Trog's Hand, Brothers in Arms, Burn Spellbooks, Renounce Religion


You were on level 1 of the Elven Halls.
You worshipped Trog.
Trog was exalted by your worship.
You were not hungry.

You visited 3 branches of the dungeon, and saw 12 of its levels.
You also visited: Ossuary.

You collected 1736 gold pieces.
You spent 724 gold pieces at shops.

Inventory:

Hand Weapons
 b - the +4 arbalest of Fyoliquz {freeze, *Corrode rF+ SInv Stlth+}
   (Trog gifted it to you on level 1 of the Orcish Mines)

   It causes projectiles fired from it to freeze those they strike, causing
   extra injury to most foes and up to half again as much damage against
   particularly susceptible opponents.
   They can also slow down cold-blooded creatures.
   It protects you from fire.
   It lets you see invisible.
   It may corrode you when you take damage.
   It makes you more stealthy.
 o - a +4 long sword of flaming
 C - a +0 battleaxe
 F - the +12 broad axe of Embarrassment (weapon) {antimagic, Fragile Str+6}
   (Trog gifted it to you on level 6 of the Dungeon)

   It reduces the magical energy of the wielder, and disrupts the spells and
   magical abilities of those hit.
   Natural abilities and divine invocations are not affected.
   It affects your strength (+6).
   It will be destroyed if unequipped.
 J - a +3 trident
Armour
 n - a +1 plate armour (worn)
 s - a +3 ring mail
 u - a +0 cloak of poison resistance (worn)
 T - a +1 hat (worn)
Jewellery
 d - a ring of poison resistance (left hand)
 h - a +4 ring of protection (right hand)
 p - an uncursed ring of flight
 x - a cursed amulet of regeneration
 B - an amulet of regeneration (around neck)
 H - an uncursed ring of positive energy
 N - an uncursed amulet of guardian spirit
Wands
 a - a wand of heal wounds (6/9)
Scrolls
 c - 7 scrolls of remove curse
 e - a scroll of magic mapping
 i - a scroll of recharging
 k - a scroll of enchant armour
 m - 3 scrolls of identify
 q - 2 scrolls of blinking
 y - 3 scrolls of enchant weapon
 z - 2 scrolls of fear
 O - 3 scrolls of teleportation
 V - 4 scrolls of fog
Potions
 f - 5 potions of might
 j - 2 potions of flight
 r - 2 potions of agility
 t - 2 potions of invisibility
 w - a potion of resistance
 A - a potion of haste
 E - a potion of brilliance
 L - 3 potions of curing
 R - 4 potions of heal wounds
 U - a potion of cancellation
Comestibles
 g - 5 meat rations
 l - 2 slices of pizza
 v - 4 bread rations
 I - 2 beef jerkies


   Skills:
 + Level 12.5 Fighting
 + Level 18.1(18.5) Axes
 + Level 7.8(14.1) Polearms
 + Level 9.3 Armour
 + Level 6.8 Dodging
 + Level 2.0 Stealth


You had 12 spell levels left.
You didn't know any spells.

Dungeon Overview and Level Annotations

Branches:
Dungeon (9/15)             Temple (0/1) D:5             Orc (2/2) D:9
    Elf (1/3) Orc:2
   Lair: D:8-11

Altars:
Ashenzari
Nemelex Xobeh
Ru
Vehumet
Zin
Beogh

Shops:
D:4 %   D:6 (   Orc:1 =   Orc:2 *[:(


Innate Abilities, Weirdness & Mutations

You reflexively headbutt those who attack you in melee.
You have a pair of horns on your head.
You are partially covered in thin metallic scales. (AC +2)
You are partially covered in yellow scales. (AC +2)
You tend to lose your temper in combat.


Message History

The deep elf knight casts a spell.
Items here: )) [ † a whip; a trident; a plate armour; an orc corpse You feel much better.
The deep elf archer blinks!
The deep elf mage mumbles some strange words.
The deep elf mage blinks!
The deep elf demonologist gestures wildly while chanting.
The Ice Fiend calls on the powers of darkness!
The deep elf knight convulses!
The deep elf high priest convulses!
The deep elf mage convulses!
The deep elf demonologist convulses!
The orc convulses!
The deep elf high priest convulses!
Your body is wracked with pain!
* * * LOW HITPOINT WARNING * * *
The deep elf archer convulses!
The deep elf mage convulses!
The cacodemon hits you.
* * * LOW HITPOINT WARNING * * *
The cacodemon hits you but does no damage.
The deep elf mage casts a spell.
The deep elf mage blinks!
The soul eater hits you!
You die...

### ##.## ##...##
##.....## ##.......##
##.........##############
##............))@24r4.....
###.........#####3ee######
..##.......## #..1.4.e..e
#. ##.....## ####oe#''#+ #
##...## e4..... ##.....###
.re.... .#..)......#
..#e.#. .#.........#
.e..... ..#.........# ###
...$$..


You could see an Ice Fiend, a cacodemon, a soul eater, a deep elf demonologist,
a deep elf archer, a deep elf knight, 2 deep elf high priests, a rust devil, 2
deep elf magi, 2 chaos spawn, a red devil, 2 hell rats and an orc.

Vanquished Creatures
  Azrael (Elf:1)
  4 ogre magi (Orc:2)
  2 dancing weapons (Elf:1)
  2 deep elf knights (Elf:1)
  4 deep elf archers (Elf:1)
  The ghost of buriedalive the Destroyer, a novice HECj of Vehumet (D:9)
  Pikel (D:6)
  An orc knight (Elf:1)
  The ghost of daryashkoh the Poker, a novice MfEn of Fedhas (D:7)
  8 deep elf magi
  2 orc sorcerers
  3 trolls
  Grinder (D:6)
  A hippogriff (D:8)
  15 two-headed ogres
  A dream sheep (shapeshifter) (Elf:1)
  Sigmund (D:4)
  An air elemental (Elf:1)
  2 water elementals (Elf:1)
  A human (D:8)
  4 hogs (D:8)
  4 fire elementals (Elf:1)
  A hungry ghost (D:7)
  Menkaure (D:6)
  A warg (Orc:1)
  A water moccasin (D:7)
  A swamp drake (Orc:1)
  2 hell hounds (Elf:1)
  4 ice beasts
  A phantom (D:9)
  8 orc warriors
  4 slaves (D:6)
  2 black bears
  A hornet zombie (D:9)
  A sky beast (D:6)
  A necrophage (D:9)
  3 centaurs
  27 ogres
  4 big kobolds
  Blork the orc (D:4)
  2 earth elementals (Elf:1)
  4 bullfrogs
  2 wyvern zombies (D:9)
  A gnoll sergeant (Orc:1)
  3 scorpions
  10 wights
  3 howler monkeys (D:7)
  2 centaur zombies (Ossuary)
  7 crimson imps
  3 hounds
  Crazy Yiuf (D:5)
  A gnoll shaman (D:8)
  13 orc priests
  A bullfrog skeleton (D:5)
  7 iguanas
  An iron imp (Orc:1)
  Jessica (D:2)
  Ijyb (D:2)
  17 orc wizards
  7 worker ants
  3 ogre zombies (Ossuary)
  A hound skeleton (D:5)
  7 mummies (Ossuary)
  A worker ant zombie (D:8)
  Robin (D:2)
  11 gnolls
  A howler monkey skeleton (D:8)
  7 adders
  3 shadow imps
  A white imp (Orc:1)
  An adder skeleton (D:6)
  3 adder zombies (Ossuary)
  2 worms
  3 dart slugs
  7 leopard geckos
  45 orcs
  6 bats
  5 giant cockroaches
  16 goblins
  17 hobgoblins
  4 jackals (D:1)
  26 kobolds
  5 quokkas
  A ball python (D:1)
  10 frilled lizards
  3 goblin zombies (Ossuary)
  4 hobgoblin zombies (Ossuary)
  5 kobold zombies (Ossuary)
  3 quokka zombies (Ossuary)
  2 rats
  7 rat zombies (Ossuary)
423 creatures vanquished.

Vanquished Creatures (others)
  2 orcs (Elf:1)
2 creatures vanquished.

Grand Total: 425 creatures vanquished

Notes
Turn   | Place    | Note
-------+----------+-------------------------------------------
     0 | D:1      | theRoog the Minotaur Berserker began the quest for the Orb.
     0 | D:1      | Reached XP level 1. HP: 19/19 MP: 0/0
   125 | D:1      | Reached XP level 2. HP: 27/27 MP: 1/1
   413 | D:1      | Reached XP level 3. HP: 33/33 MP: 2/2
   844 | D:2      | Reached ** piety under Trog
   850 | D:2      | Noticed Robin
   858 | D:2      | Noticed Jessica
   864 | D:2      | Killed Jessica
   864 | D:2      | Reached skill level 5 in Polearms
   864 | D:2      | Reached XP level 4. HP: 27/41 MP: 3/3
   870 | D:2      | Killed Robin
   937 | D:2      | Noticed Ijyb
   959 | D:2      | Killed Ijyb
  1192 | D:2      | Reached XP level 5. HP: 47/47 MP: 4/4
  1924 | D:3      | Found a sparkling altar of Nemelex Xobeh.
  2266 | D:4      | Noticed an ogre
  2269 | D:4      | Killed an ogre
  2269 | D:4      | Reached skill level 5 in Fighting
  2304 | D:4      | Found Plog's Food Shoppe.
  2308 | D:4      | Noticed Sigmund
  2324 | D:4      | Killed Sigmund
  2324 | D:4      | Reached XP level 6. HP: 51/56 MP: 5/5
  2505 | D:4      | Noticed Blork the orc
  2515 | D:4      | Killed Blork the orc
  2515 | D:4      | Reached XP level 7. HP: 44/61 MP: 6/6
  2675 | D:4      | Reached *** piety under Trog
  2718 | D:5      | Entered Level 5 of the Dungeon
  2799 | D:5      | Reached skill level 5 in Armour
  2829 | D:5      | Reached skill level 1 in Axes
  2829 | D:5      | Reached skill level 2 in Axes
  2847 | D:5      | Reached skill level 3 in Axes
  2848 | D:5      | Reached XP level 8. HP: 23/70 MP: 7/7
  2941 | D:5      | Found a runed door.
  2978 | D:5      | Found a sand-covered staircase.
  3000 | Ossuary  | Entered an ossuary
  3084 | Ossuary  | Reached skill level 4 in Axes
  3132 | Ossuary  | Reached **** piety under Trog
  3302 | Ossuary  | Reached skill level 5 in Axes
  3374 | D:5      | Found a staircase to the Ecumenical Temple.
  3623 | D:5      | Noticed Crazy Yiuf
  3626 | D:5      | Killed Crazy Yiuf
  3647 | D:5      | Gained mutation: Your flesh is heat resistant. (rF+) [potion of mutation]
  3647 | D:5      | Gained mutation: Armour fits poorly on your strangely shaped body. [potion of mutation]
  3647 | D:5      | Gained mutation: You are resistant to hostile enchantments. (MR+) [potion of mutation]
  3676 | D:6      | Reached skill level 6 in Axes
  3680 | D:6      | Noticed Pikel
  3693 | D:6      | Killed Pikel
  3693 | D:6      | Reached skill level 7 in Axes
  3693 | D:6      | Reached skill level 1 in Stealth
  3751 | D:6      | Reached XP level 9. HP: 76/78 MP: 8/8
  3810 | D:6      | Reached ***** piety under Trog
  3819 | D:6      | Found Osuajix's Weapon Shoppe.
  3828 | D:6      | Noticed Menkaure
  3841 | D:6      | Killed Menkaure
  3841 | D:6      | Reached skill level 8 in Axes
  3966 | D:6      | Noticed Grinder
  3984 | D:6      | Killed Grinder
  3995 | D:6      | Found a sacrificial altar of Ru.
  4008 | D:6      | Found a shattered altar of Ashenzari.
  4125 | D:6      | Reached skill level 9 in Axes
  4386 | D:6      | Found a glowing drain.
  4462 | D:6      | Received a gift from Trog
  4465 | D:6      | Got a polished broad axe {god gift}
  4466 | D:6      | Identified the +12 broad axe of Embarrassment {antimagic, Fragile Str+6} (Trog gifted it to you on level 6 of the Dungeon)
  4546 | D:7      | Reached skill level 5 in Dodging
  4845 | D:7      | Noticed daryashkoh's ghost (novice MfEn)
  4850 | D:7      | Killed daryashkoh's ghost
  4850 | D:7      | Reached skill level 10 in Axes
  5119 | D:7      | Reached skill level 11 in Axes
  5278 | D:8      | Reached XP level 10. HP: 88/88 MP: 3/9
  5532 | D:8      | Reached skill level 12 in Axes
  5662 | D:8      | Found a glowing silver altar of Zin.
  6067 | D:9      | Noticed buriedalive's ghost (novice HECj)
  6073 | D:9      | Killed buriedalive's ghost
  6164 | D:9      | Reached skill level 13 in Axes
  6208 | D:9      | Found a staircase to the Orcish Mines.
  6802 | Orc:1    | Entered Level 1 of the Orcish Mines
  6802 | Orc:1    | Found Vekk's Jewellery Shop.
  6839 | Orc:1    | Found a roughly hewn altar of Beogh.
  6861 | Orc:1    | Reached XP level 11. HP: 95/97 MP: 3/10
  6895 | Orc:1    | Received a gift from Trog
  7174 | Orc:1    | Noticed a deep elf mage
  7178 | Orc:1    | Killed a deep elf mage
  7186 | Orc:1    | Noticed a deep elf mage
  7192 | Orc:1    | Killed a deep elf mage
  7192 | Orc:1    | Reached skill level 14 in Axes
  7419 | Orc:1    | Got a twisted arbalest {god gift}
  7441 | Orc:1    | Got a warped hat
  7455 | Orc:1    | Identified the +1 hat of Guis {rC+++ Str-3 Int+3 SInv} (You found it on level 1 of the Orcish Mines)
  7505 | Orc:1    | Reached skill level 10 in Fighting
  7576 | Orc:1    | Bought a +4 ring of protection for 612 gold pieces
  7581 | Orc:1    | Lost mutation: Armour fits poorly on your strangely shaped body. [potion of cure mutation]
  7581 | Orc:1    | Lost mutation: You are resistant to hostile enchantments. (MR+) [potion of cure mutation]
  7581 | Orc:1    | Lost mutation: Your flesh is heat resistant. (rF+) [potion of cure mutation]
  7586 | Orc:1    | Gained mutation: You are partially covered in yellow scales. (AC +2) [potion of mutation]
  7586 | Orc:1    | Gained mutation: You tend to lose your temper in combat. [potion of mutation]
  7586 | Orc:1    | Gained mutation: You are partially covered in thin metallic scales. (AC +2) [potion of mutation]
  8105 | Orc:2    | Entered Level 2 of the Orcish Mines
  8118 | Orc:2    | Noticed an orc sorcerer
  8129 | Orc:2    | Killed an orc sorcerer
  8155 | Orc:2    | Noticed an ogre mage
  8164 | Orc:2    | Noticed an ogre mage
  8165 | Orc:2    | Noticed an ogre mage
  8168 | Orc:2    | Noticed an ogre mage
  8175 | Orc:1    | Reached skill level 15 in Axes
  8175 | Orc:1    | Reached ****** piety under Trog
  8471 | Orc:2    | Killed an ogre mage
  8472 | Orc:2    | Killed an ogre mage
  8479 | Orc:2    | Killed an ogre mage
  8479 | Orc:2    | Reached XP level 12. HP: 110/110 MP: 3/11
  8482 | Orc:2    | Received a gift from Trog
  8490 | Orc:2    | Killed an ogre mage
  8490 | Orc:2    | Reached skill level 16 in Axes
  8591 | Orc:2    | Found Sych's Book Emporium.
  8591 | Orc:2    | Found Soarokka's Weapon Shop.
  8592 | Orc:2    | Found Soarokka's General Store.
  8592 | Orc:2    | Found Onaujim's Antique Armour Emporium.
  8605 | Orc:2    | Bought a scroll of enchant armour for 112 gold pieces
  8608 | Orc:2    | Identified the +4 arbalest of Fyoliquz {freeze, *Corrode rF+ SInv Stlth+} (Trog gifted it to you on level 1 of the Orcish Mines)
  8750 | Orc:2    | Found a staircase to the Elven Halls.
  9142 | Elf:1    | Entered Level 1 of the Elven Halls
  9284 | Elf:1    | Found a radiant altar of Vehumet.
  9338 | Elf:1    | Reached skill level 17 in Axes
  9550 | Elf:1    | Noticed Azrael
  9571 | Elf:1    | Killed Azrael
  9749 | Elf:1    | Received a gift from Trog
 10046 | Elf:1    | Noticed a deep elf high priest
 10047 | Elf:1    | Reached XP level 13. HP: 117/119 MP: 4/12
 10050 | Elf:1    | Noticed a deep elf demonologist
 10052 | Elf:1    | Reached skill level 18 in Axes
 10061 | Elf:1    | Noticed an Ice Fiend
 10064 | Elf:1    | HP: 7/178 [deep elf high priest/divine providence (11)]
 10066 | Elf:1    | Noticed a cacodemon
 10066 | Elf:1    | Slain by a soul eater

Skill      XL: |  1  2  3  4  5  6  7  8  9 10 11 12 13 |
---------------+----------------------------------------+-----
Polearms       | 4 5 6 7 |  7.8
Fighting       | 4 5 6 8 9 11 12 | 12.5
Dodging        | 3 4 5 6 |  6.8
Armour         | 3 4 5 6 7 9 |  9.3
Axes           | 3 7 11 13 15 17 18 | 18.1
Stealth        | 1 2 |  2.0

Action                   |  1- 3 |  4- 6 |  7- 9 | 10-12 | 13-15 || total
-------------------------+-------+-------+-------+-------+-------++-------
Melee: Spear             |    99 |    11 |       |       |       ||   110
       Headbutt          |    17 |    19 |    43 |    74 |     1 ||   154
       Trident           |       |    98 |     6 |       |       ||   104
       Battleaxe         |       |       |   225 |       |       ||   225
       Broad axe         |       |       |    29 |   405 |    13 ||   447
Invok: Berserk           |     1 |     1 |     1 |     3 |       ||     6
       Burn Spellbooks   |       |       |     1 |     2 |       ||     3
  Use: Scroll            |       |    10 |     2 |     8 |       ||    20
       Potion            |       |     5 |     3 |     8 |     1 ||    17
 Stab: Sleeping          |     2 |       |     1 |       |       ||     3
  Eat: Bread ration      |       |     1 |     1 |     2 |       ||     4
       Royal jelly       |       |     1 |       |       |       ||     1
       Beef jerky        |       |     1 |       |       |       ||     1
       Meat ration       |       |       |     1 |       |       ||     1
       Pizza             |       |       |     1 |     6 |       ||     7
Armor: Animal skin       |     4 |       |       |       |       ||     4
       Scale mail        |     7 |    18 |       |       |       ||    25
       Ring mail         |       |    20 |    94 |    77 |       ||   191
       Plate armour      |       |       |       |    61 |     5 ||    66
Dodge: Dodged            |    36 |    65 |   162 |   214 |     3 ||   480
